AoeStats
← whO asked?

Arabian Desert

508872973Analyzed
1v1 RM · 8d ago on Sep 24, 2026· 61m 6s· 2 players
Game mode
Random Map
Map size
Tiny (2 player)
Population
200
Speed
Normal
Resources
Standard
Victory
Conquest
Starting age
Dark Age
Ending age
Imperial Age
RankedLock teamsTeams togetherTeam positionsShared explorationLock speedFull tech treeHidden civsTurbo modeCheats
Victory
Defeat
🇰🇿 Gurjaras · Kazakhstan
800
+16
🇨🇭 Sicilians · Switzerland
799
-16
♚ ♠ Rikito ♥ ♛
8:12 Loom
10:51 Feudal Age
16:34 Castle Age
14:34 Double-Bit Axe
23:24 Scale Mail Armor
29:09 Chain Mail Armor
29:08 Forging
31:28 Iron Casting
35:05 Fletching
39:56 Bodkin Arrow
41:33 Squires
40:53 Pikeman
44:08 Imperial Age
41:28 Elite Skirmisher
42:13 Padded Archer Armor
45:23 Elite Serjeant
49:23 Wheelbarrow
48:50 Bracer
48:35 Halberdier
51:28 Leather Archer Armor
58:05 Ballistics
whO asked?
9:47 Loom
11:49 Feudal Age
12:28 Double-Bit Axe
13:16 Gold Mining
16:12 Man-at-Arms
19:41 Castle Age
19:57 Forging
20:41 Town Watch
21:10 Bow Saw
22:10 Fletching
27:29 Scale Mail Armor
29:00 Gold Shaft Mining
29:32 Wheelbarrow
30:01 Ballistics
30:57 Iron Casting
35:29 Imperial Age
42:32 Conscription
42:18 Stone Mining
42:17 Horse Collar
44:26 Chain Mail Armor
46:13 Chemistry
46:15 Murder Holes
46:57 Town Patrol
48:02 Plate Mail Armor
49:10 Bodkin Arrow
57:03 Hand Cart
Connection lost

Rejoining the realm…

Still unreachable

The connection could not be restored.

Session expired

The server has moved on; the page needs a fresh start.